TOP OF THE 1ST |
Boston (APP) Red Sox batting - Pitching for Orem Owlz : LHP Nassim Toussaint
|
Pitching: LHP Nassim Toussaint
|
|
Batting: RHB Kirk Cully
|
0-0: SINGLE (Groundball, 56D, EV 108.1 MPH)
|
Batting: RHB Bob Reichley
|
0-0: Fly out, F8 (Flyball, 78M, EV 91.9 MPH)
|
Batting: RHB Felix Rangel
|
0-0: 2-RUN HOME RUN (Flyball, 7D, EV 98.8 MPH), Distance : 382 ft
|
Batting: SHB Matsudaira Ikeda
|
0-0: Ball 1-0: Foul Ball, location: 2F 1-1: Ball 2-1: SINGLE (Groundball, 4MD, EV 98.8 MPH)
|
Batting: RHB Eric Kent
|
0-0: Called Strike 0-1: SINGLE (Line Drive, 6D, EV 103.8 MPH) Matsudaira Ikeda to second
|
Batting: RHB Estevan Carrillo
|
0-0: Ball 1-0: Ball Wild Pitch! Matsudaira Ikeda to third Eric Kent to second 2-0: Swinging Strike 2-1: Ground out 6-3 (Groundball, 6M, EV 108.8 MPH) Matsudaira Ikeda scores Eric Kent to third
|
Batting: RHB Luis Nino
|
0-0: Called Strike 0-1: Ball 1-1: Ball 2-1: Called Strike 2-2: Foul Ball, location: 2F 2-2: Ball 3-2: Foul Ball, location: 2F 3-2: Strikes out swinging
|
Top of the 1st over - 3 runs, 4 hits, 0 errors, 1 left on base; Boston (APP) 3 - Orem 0 |
BOTTOM OF THE 1ST |
Orem Owlz batting - Pitching for Boston (APP) Red Sox : LHP Ryan Davis
|
Pitching: LHP Ryan Davis
|
|
Batting: RHB Ken Hillman
|
0-0: Swinging Strike 0-1: Foul Ball, location: 2F 0-2: Ball 1-2: Ball 2-2: Ground out U3 (Groundball, 3L, EV 90.0 MPH)
|
Batting: RHB Fred Saxton
|
0-0: Called Strike 0-1: Foul Ball, location: 2F 0-2: Ball 1-2: Foul Ball, location: 2F 1-2: Foul Ball, location: 2F 1-2: Foul Ball, location: 2F 1-2: Ball 2-2: Ball 3-2: Base on Balls
|
Batting: RHB Arnaud Derosiers
|
0-0: Ball 1-0: Called Strike 1-1: Swinging Strike 1-2: Ground out 1-3 (Groundball, 13, EV 63.8 MPH) Fred Saxton to second
|
Batting: RHB Daniel Molina
|
0-0: Ball 1-0: Ball 2-0: Fly out, F9 (Flyball, 89M, EV 91.9 MPH)
|
Bottom of the 1st over - 0 runs, 0 hits, 0 errors, 1 left on base; Boston (APP) 3 - Orem 0 |
TOP OF THE 2ND |
Boston (APP) Red Sox batting - Pitching for Orem Owlz : LHP Nassim Toussaint
|
Batting: RHB Ryan Davis
|
0-0: Ball 1-0: Foul Ball, location: 2F 1-1: Ground out 5-3 (Groundball, 56S, EV 80.0 MPH)
|
Batting: RHB Mo Tsang
|
0-0: Foul Ball, location: 2F 0-1: Ball 1-1: Called Strike 1-2: Foul Ball, location: 2F 1-2: Strikes out looking
|
Batting: RHB Kirk Cully
|
0-0: Ball 1-0: Ball 2-0: Hit by Pitch
|
Batting: RHB Bob Reichley
|
0-0: Ground out 4-3 (Groundball, 13, EV 83.1 MPH)
|
Top of the 2nd over - 0 runs, 0 hits, 0 errors, 1 left on base; Boston (APP) 3 - Orem 0 |
BOTTOM OF THE 2ND |
Orem Owlz batting - Pitching for Boston (APP) Red Sox : LHP Ryan Davis
|
Batting: RHB Carlos Gonzales
|
0-0: Ball 1-0: Ball 2-0: Ball 3-0: Base on Balls
|
Batting: RHB Jesse Sargent
|
0-0: Ball 1-0: Called Strike 1-1: Fly out, F7 (Flyball, 7S, EV 85.6 MPH)
|
Batting: LHB David Coatney
|
0-0: Ball 1-0: Called Strike 1-1: Ball 2-1: Foul Ball, location: 2F 2-2: Strikes out swinging
|
Batting: SHB Marty Kuehn
|
0-0: Ball 1-0: Ball 2-0: Called Strike 2-1: Foul Ball, location: 2F 2-2: Foul Ball, location: 2F 2-2: Foul Ball, location: 2F 2-2: Ball 3-2: Base on Balls Carlos Gonzales to second
|
Batting: RHB Steve Neely
|
0-0: Ball 1-0: Foul Ball, location: 2F 1-1: Ground out 4-3 (Groundball, 4, EV 110.0 MPH)
|
Bottom of the 2nd over - 0 runs, 0 hits, 0 errors, 2 left on base; Boston (APP) 3 - Orem 0 |
TOP OF THE 3RD |
Boston (APP) Red Sox batting - Pitching for Orem Owlz : LHP Nassim Toussaint
|
Batting: RHB Felix Rangel
|
0-0: Ball 1-0: SINGLE (Groundball, 6MD, EV 111.9 MPH)
|
Batting: SHB Matsudaira Ikeda
|
0-0: Called Strike 0-1: Foul Ball, location: 2F 0-2: Ball 1-2: Strikes out swinging
|
Batting: RHB Eric Kent
|
0-0: Ball 1-0: Ball 2-0: Foul Ball, location: 2F 2-1: Foul Ball, location: 2F 2-2: Foul Ball, location: 2F 2-2: Strikes out swinging
|
Batting: RHB Estevan Carrillo
|
0-0: Called Strike 0-1: Swinging Strike 0-2: Ball 1-2: Ground out 4-3 (Groundball, 4, EV 101.2 MPH)
|
Top of the 3rd over - 0 runs, 1 hit, 0 errors, 1 left on base; Boston (APP) 3 - Orem 0 |
BOTTOM OF THE 3RD |
Orem Owlz batting - Pitching for Boston (APP) Red Sox : LHP Ryan Davis
|
Batting: RHB Ken Hillman
|
0-0: Swinging Strike 0-1: Ball 1-1: Ground out 6-3 (Groundball, 6, EV 90.6 MPH)
|
Batting: RHB Fred Saxton
|
0-0: Called Strike 0-1: Ball 1-1: Fly out, F9 (Flyball, 89D, EV 92.5 MPH)
|
Batting: RHB Arnaud Derosiers
|
0-0: Ball 1-0: Ball 2-0: Ground out 6-3 (Groundball, 6, EV 93.8 MPH)
|
Bottom of the 3rd over - 0 runs, 0 hits, 0 errors, 0 left on base; Boston (APP) 3 - Orem 0 |
TOP OF THE 4TH |
Boston (APP) Red Sox batting - Pitching for Orem Owlz : LHP Nassim Toussaint
|
Batting: RHB Luis Nino
|
0-0: Called Strike 0-1: Swinging Strike 0-2: Ball 1-2: Foul Ball, location: 2F 1-2: SINGLE (Line Drive, 4MD, EV 96.9 MPH)
|
Batting: RHB Ryan Davis
|
0-0: Ball 1-0: Swinging Strike 1-1: Ball 2-1: Foul Ball, location: 2F 2-2: Fielders Choice at 2nd, 4-6 (Groundball, 4, EV 88.8 MPH)
|
Batting: RHB Mo Tsang
|
0-0: Grounds into double play, 5-4-3 (Groundball, 5, EV 91.9 MPH)
|
Top of the 4th over - 0 runs, 1 hit, 0 errors, 0 left on base; Boston (APP) 3 - Orem 0 |
BOTTOM OF THE 4TH |
Orem Owlz batting - Pitching for Boston (APP) Red Sox : LHP Ryan Davis
|
Batting: RHB Daniel Molina
|
0-0: Ball 1-0: Ball 2-0: Ground out 5-3 (Groundball, 56, EV 98.1 MPH)
|
Batting: RHB Carlos Gonzales
|
0-0: Ball 1-0: Called Strike 1-1: Called Strike 1-2: Strikes out swinging
|
Batting: RHB Jesse Sargent
|
0-0: Fly out, F8 (Flyball, 8RS, EV 88.8 MPH)
|
Bottom of the 4th over - 0 runs, 0 hits, 0 errors, 0 left on base; Boston (APP) 3 - Orem 0 |
TOP OF THE 5TH |
Boston (APP) Red Sox batting - Pitching for Orem Owlz : LHP Nassim Toussaint
|
Batting: RHB Kirk Cully
|
0-0: Called Strike 0-1: Swinging Strike 0-2: Ball 1-2: Strikes out swinging
|
Batting: RHB Bob Reichley
|
0-0: Called Strike 0-1: Foul Ball, location: 2F 0-2: Ball 1-2: Strikes out swinging
|
Batting: RHB Felix Rangel
|
0-0: Ball 1-0: Fly out, F7 (Flyball, 78S, EV 86.2 MPH)
|
Top of the 5th over - 0 runs, 0 hits, 0 errors, 0 left on base; Boston (APP) 3 - Orem 0 |
BOTTOM OF THE 5TH |
Orem Owlz batting - Pitching for Boston (APP) Red Sox : LHP Ryan Davis
|
Batting: LHB David Coatney
|
0-0: Fly out, F8 (Line Drive, 8LD, EV 85.0 MPH)
|
Batting: SHB Marty Kuehn
|
0-0: Ball 1-0: Called Strike 1-1: Ground out 4-3 (Groundball, 4, EV 78.1 MPH)
|
Batting: RHB Steve Neely
|
0-0: Ball 1-0: DOUBLE (Flyball, 89D, EV 103.1 MPH)
|
Batting: RHB Ken Hillman
|
0-0: Ball 1-0: Called Strike 1-1: Ball 2-1: Ball 3-1: Ground out 4-3 (Groundball, 4, EV 91.9 MPH)
|
Bottom of the 5th over - 0 runs, 1 hit, 0 errors, 1 left on base; Boston (APP) 3 - Orem 0 |
TOP OF THE 6TH |
Boston (APP) Red Sox batting - Pitching for Orem Owlz : LHP Nassim Toussaint
|
Batting: SHB Matsudaira Ikeda
|
0-0: Swinging Strike 0-1: Swinging Strike 0-2: Foul Ball, location: 2F 0-2: Strikes out swinging
|
Batting: RHB Eric Kent
|
0-0: Ball 1-0: Ground out 4-3 (Groundball, 4MS, EV 83.8 MPH)
|
Batting: RHB Estevan Carrillo
|
0-0: Ball 1-0: Foul Ball, location: 2F 1-1: Ball 2-1: Ball 3-1: Ground out 1-3 (Groundball, 34S, EV 70.0 MPH)
|
Top of the 6th over - 0 runs, 0 hits, 0 errors, 0 left on base; Boston (APP) 3 - Orem 0 |
BOTTOM OF THE 6TH |
Orem Owlz batting - Pitching for Boston (APP) Red Sox : LHP Ryan Davis
|
Batting: RHB Fred Saxton
|
0-0: Ball 1-0: Swinging Strike 1-1: Ball 2-1: Foul Ball, location: 2F 2-2: Foul Ball, location: 2F 2-2: Ground out 6-3 (Groundball, 6, EV 82.5 MPH)
|
Batting: RHB Arnaud Derosiers
|
0-0: Called Strike 0-1: Called Strike 0-2: Ball 1-2: SINGLE (Groundball, 4D, EV 94.4 MPH)
|
Pitching: RHP Murilo Selo
|
|
Batting: RHB Daniel Molina
|
0-0: Ball Wild Pitch! Arnaud Derosiers to second 1-0: Ball 2-0: Called Strike 2-1: Ball 3-1: Base on Balls
|
Batting: RHB Carlos Gonzales
|
0-0: Ball 1-0: Ball 2-0: Foul Ball, location: 2F 2-1: Ball 3-1: Foul Ball, location: 2F 3-2: Base on Balls Arnaud Derosiers to third Daniel Molina to second
|
Pinch Hitting: SHB Cesar Carrasquillo
|
0-0: Fly out, F8 (Flyball, 8LM, EV 94.4 MPH) Runner from 3rd tags up, SCORES, throw by CF
|
Batting: LHB David Coatney
|
0-0: Foul Ball, location: 2F 0-1: Ball Wild Pitch! Daniel Molina to third Carlos Gonzales to second 1-1: Ball 2-1: Foul Ball, location: 2F 2-2: Ball 3-2: Strikes out looking
|
Bottom of the 6th over - 1 run, 1 hit, 0 errors, 2 left on base; Boston (APP) 3 - Orem 1 |
TOP OF THE 7TH |
Boston (APP) Red Sox batting - Pitching for Orem Owlz : LHP Nassim Toussaint
|
Pitching: RHP Nick Kempson
|
|
Now at 2B: Cesar Carrasquillo
|
|
Pinch Hitting: SHB Arihito Hiramoto
|
0-0: Ball 1-0: SINGLE (Groundball, 4MD, EV 98.8 MPH)
|
Batting: RHB Ryan Davis
|
0-0: Called Strike 0-1: Swinging Strike 0-2: Ball 1-2: Ball 2-2: Foul Ball, location: 2F 2-2: Foul Ball, location: 2F 2-2: Strikes out swinging
|
Batting: RHB Mo Tsang
|
0-0: Ball 1-0: Called Strike 1-1: Ball 2-1: SINGLE (Line Drive, 7LS, EV 98.8 MPH) Arihito Hiramoto to second
|
Batting: RHB Kirk Cully
|
0-0: Foul Ball, location: 2F 0-1: Ball 1-1: Foul Ball, location: 2F 1-2: Strikes out looking
|
Batting: RHB Bob Reichley
|
0-0: Ball 1-0: Ball 2-0: Called Strike 2-1: Swinging Strike 2-2: Hit by Pitch Arihito Hiramoto to third Mo Tsang to second
|
Batting: RHB Felix Rangel
|
0-0: Ball 1-0: Swinging Strike 1-1: Swinging Strike 1-2: Foul Ball, location: 2F 1-2: Foul Ball, location: 2F 1-2: Strikes out swinging
|
Top of the 7th over - 0 runs, 2 hits, 0 errors, 3 left on base; Boston (APP) 3 - Orem 1 |
BOTTOM OF THE 7TH |
Orem Owlz batting - Pitching for Boston (APP) Red Sox : RHP Murilo Selo
|
Now at 3B: Jose Santiago
|
|
Batting: SHB Marty Kuehn
|
0-0: Ball 1-0: Swinging Strike 1-1: Fly out, F9 (Flyball, 89S, EV 89.4 MPH)
|
Pinch Hitting: LHB Kevin Feldman
|
0-0: Swinging Strike 0-1: Swinging Strike 0-2: Ball 1-2: Ball 2-2: Ball 3-2: Foul Ball, location: 2F 3-2: Strikes out looking
|
Batting: RHB Ken Hillman
|
0-0: Ball 1-0: Ball 2-0: Foul Ball, location: 2F 2-1: Foul Ball, location: 2F 2-2: Strikes out swinging
|
Bottom of the 7th over - 0 runs, 0 hits, 0 errors, 0 left on base; Boston (APP) 3 - Orem 1 |
TOP OF THE 8TH |
Boston (APP) Red Sox batting - Pitching for Orem Owlz : RHP Nick Kempson
|
Now in RF: Kevin Feldman
|
|
Batting: SHB Matsudaira Ikeda
|
0-0: Ball 1-0: Called Strike 1-1: Ball 2-1: Swinging Strike 2-2: Strikes out looking
|
Batting: RHB Eric Kent
|
0-0: Ball 1-0: Ball 2-0: Called Strike 2-1: Fly out, F9 (Flyball, 89M, EV 85.0 MPH)
|
Pitching: RHP Carlos Olbera
|
|
Batting: RHB Estevan Carrillo
|
0-0: Called Strike 0-1: Ball 1-1: Ball 2-1: Swinging Strike 2-2: Strikes out swinging
|
Top of the 8th over - 0 runs, 0 hits, 0 errors, 0 left on base; Boston (APP) 3 - Orem 1 |
BOTTOM OF THE 8TH |
Orem Owlz batting - Pitching for Boston (APP) Red Sox : RHP Murilo Selo
|
Batting: RHB Fred Saxton
|
0-0: Called Strike 0-1: Foul Ball, location: 2F 0-2: Foul Ball, location: 2F 0-2: Ball 1-2: Foul Ball, location: 2F 1-2: Foul Ball, location: 2F 1-2: Foul Ball, location: 2F 1-2: SOLO HOME RUN (Flyball, 7D, EV 98.8 MPH), Distance : 388 ft
|
Batting: RHB Arnaud Derosiers
|
0-0: Fly out, F8 (Line Drive, 8LD, EV 97.5 MPH)
|
Batting: RHB Daniel Molina
|
0-0: Ball 1-0: Ball 2-0: Ball 3-0: Called Strike 3-1: Base on Balls
|
Pitching: RHP Seb Lightfoot
|
|
Batting: RHB Carlos Gonzales
|
0-0: Ball 1-0: Called Strike 1-1: Ball 2-1: Ball Wild Pitch! Daniel Molina to second 3-1: Base on Balls
|
Batting: SHB Cesar Carrasquillo
|
0-0: Ball 1-0: Foul Ball, location: 2F 1-1: Ball 2-1: SINGLE (Flyball, 78S, EV 85.6 MPH) Daniel Molina to third Carlos Gonzales to second Runner from 3rd tries for Home, SAFE, throw by CF to home
|
Batting: LHB David Coatney
|
0-0: Sac Bunt to P - play at first, batter OUT! 1-4 Carlos Gonzales to third Cesar Carrasquillo to second
|
Pinch Hitting: RHB Brian Spry
|
0-0: Ball 1-0: Ball 2-0: Ball 3-0: Base on Balls
|
Batting: LHB Kevin Feldman
|
0-0: Called Strike 0-1: DOUBLE (Groundball, 3L, EV 101.2 MPH) Carlos Gonzales scores Cesar Carrasquillo scores Brian Spry to third Runner from 3rd tries for Home, SAFE, throw by RF to home
|
Pitching: LHP Bob Strachan
|
|
Batting: RHB Ken Hillman
|
0-0: Ball 1-0: Ball 2-0: Called Strike 2-1: Swinging Strike 2-2: Hit by Pitch
|
Batting: RHB Fred Saxton
|
0-0: Ground out 6-3 (Groundball, 6M, EV 79.4 MPH)
|
Bottom of the 8th over - 5 runs, 3 hits, 0 errors, 2 left on base; Boston (APP) 3 - Orem 6 |
TOP OF THE 9TH |
Boston (APP) Red Sox batting - Pitching for Orem Owlz : RHP Carlos Olbera
|
Now at C: Brian Bonin
|
|
Batting: SHB Jose Santiago
|
0-0: Ball 1-0: Foul Ball, location: 2F 1-1: Fly out, F9 (Flyball, 89M, EV 93.8 MPH)
|
Batting: RHB Ryan Davis
|
0-0: Ball 1-0: Ball 2-0: Ball 3-0: Base on Balls
|
Pinch Hitting: RHB Vladmiri Nugaibekov
|
0-0: SINGLE (Line Drive, 9S, EV 98.1 MPH) Ryan Davis to second
|
Batting: RHB Kirk Cully
|
0-0: Called Strike 0-1: Ball 1-1: Foul Ball, location: 2F 1-2: Strikes out looking
|
Batting: RHB Bob Reichley
|
0-0: Called Strike 0-1: Ball 1-1: Hit by Pitch Ryan Davis to third Vladmiri Nugaibekov to second
|
Batting: RHB Felix Rangel
|
0-0: Called Strike 0-1: Ground out 5-3 (Groundball, 5S, EV 68.1 MPH)
|
Top of the 9th over - 0 runs, 1 hit, 0 errors, 3 left on base; Boston (APP) 3 - Orem 6 |
|